 Dungeon Crawl Stone Soup version 0.22-a0-617-g6d95e9e (webtiles) character file.

129217 Amnesiac the Devastator (level 16, -9/111 HPs)
             Began as a Mummy Wizard on July 13, 2018.
             Was the Champion of Sif Muna.
             Mangled by a deep elf blademaster
             ... wielding a +0 rapier
              (16 damage)
             ... on level 3 of the Elven Halls.
             The game lasted 01:17:35 (35333 turns).

Amnesiac the Devastator (Mummy Wizard)             Turns: 35333, Time: 01:17:35

Health: -9/111     AC: 11    Str: 11    XL:     16   Next: 50%
Magic:  14/36      EV: 16    Int: 23    God:    Sif Muna [******]
Gold:   2273       SH:  5    Dex: 11    Spells: 13/47 levels left

rFire    + . .     SeeInvis .   a - staff of wizardry
rCold    . . .     Gourm    .   s - +1 buckler {AC+3}
rNeg     + + +     Faith    +   y - +2 robe {Archmagi}
rPois    ∞         Spirit   .   k - +2 hat
rElec    .         Reflect  .   B - scarf {repulsion}
rCorr    .         Harm     .   L - +0 pair of gloves
MR       ++...                  n - +0 pair of boots
Stlth    ++........             f - amulet of faith
HPRegen  0.28/turn              e - ring of protection from fire
MPRegen  0.25/turn              z - ring of fire

@: divine energy, repel missiles
A: no food or potions, fire vulnerability, cold resistance 1, negative energy
resistance 3, torment resistance, unbreathing, in touch with death 1
a: Stop Divine Energy, Channel Magic, Forget Spell, Renounce Religion


You were on level 3 of the Elven Halls.
You worshipped Sif Muna.
Sif Muna was exalted by your worship.
You were not hungry.

You visited 4 branches of the dungeon, and saw 21 of its levels.
You visited 1 bazaar.

You collected 2273 gold pieces.

Inventory:

Hand Weapons
 b - a +1 dagger of electrocution
 d - a +2 vampiric double sword
Armour
 k - a +2 hat (worn)
 n - a +0 pair of boots (worn)
 s - a +1 buckler of protection (worn)
 y - a +2 robe of the Archmagi (worn)
 B - a scarf of repulsion (worn)
 F - a +0 cloak of magic resistance
 L - a +0 pair of gloves (worn)
Magical Staves
 a - an uncursed staff of wizardry (weapon)
Jewellery
 e - a ring of protection from fire (left hand)
 f - an amulet of faith (around neck)
 m - an uncursed ring of magical power
 p - an uncursed ring of wizardry
 v - the ring "Taupoes" {rN+ Slay+2 SInv}
   (You found it on level 14 of the Dungeon)

   [ring of slaying]

   It affects your accuracy and damage with ranged weapons and melee attacks
   (+2).
   It protects you from negative energy.
   It lets you see invisible.
 x - an uncursed ring of resist corrosion
 z - a ring of fire (right hand)
Wands
 g - a wand of random effects (37)
 r - a wand of disintegration (28)
 A - a wand of paralysis (15)
 C - a wand of acid (8)
 E - a wand of polymorph (13)
 I - a wand of flame (31)
Scrolls
 c - 8 scrolls of remove curse {!r}
 h - 4 scrolls of magic mapping {!r}
 j - 4 scrolls of teleportation {!r}
 l - 2 scrolls of enchant armour {!r}
 o - 4 scrolls of amnesia {!r}
 q - a scroll of summoning {!r}
 w - a scroll of blinking {!r}
 D - 6 scrolls of identify {!r}
 H - 2 scrolls of enchant weapon {!r}


   Skills:
 - Level 6.0 Fighting
 + Level 9.2 Dodging
 - Level 1.5 Stealth
 - Level 4.0 Shields
 + Level 16.3 Spellcasting
 * Level 16.3 Conjurations
 - Level 0.7 Summonings
 - Level 6.0 Necromancy
 - Level 0.7 Translocations
 - Level 5.0 Earth Magic
 - Level 8.0 Invocations


You had 13 spell levels left.
You knew the following spells:

 Your Spells              Type           Power        Failure   Level  Hunger
a - Iron Shot             Conj/Erth      #######...   2%          6    N/A
b - Call Imp              Summ           ####....     1%          2    N/A
c - Mephitic Cloud        Conj/Pois/Air  ######..     1%          3    N/A
d - Throw Icicle          Conj/Ice       ######..     1%          4    N/A
e - Borgnjor's Vile Clut  Necr/Erth      #######...   3%          5    N/A
f - Magic Dart            Conj           ####         0%          1    N/A
s - Conjure Flame         Conj/Fire      #######.     1%          3    N/A
v - Blink                 Tloc           N/A          1%          2    N/A
w - Irradiate             Conj/Tmut      ######....   1%          5    N/A
z - Ozocubu's Armour      Chrm/Ice       ####....     3%          3    N/A

Your spell library contained the following spells:

 Spells                   Type           Power        Failure   Level  Hunger
 Cause Fear               Hex            ####......   12%         4    N/A
 Bolt of Fire             Conj/Fire      #######...   6%          6    N/A
 Lightning Bolt           Conj/Air       ######....   1%          5    N/A
 Bolt of Magma            Conj/Fire/Erth #######...   1%          5    N/A
 Slow                     Hex            ####....     1%          2    N/A
 Confuse                  Hex            ####....     3%          3    N/A
 Invisibility             Hex            ####....     85%         6    N/A
 Throw Flame              Conj/Fire      ######       1%          2    N/A
 Throw Frost              Conj/Ice       ######       1%          2    N/A
 Freezing Cloud           Conj/Ice/Air   ######....   19%         6    N/A
 Olgreb's Toxic Radiance  Pois           ####....     12%         4    N/A
 Bolt of Draining         Conj/Necr      ########..   1%          5    N/A
 Lehudib's Crystal Spear  Conj/Erth      #######...   65%         8    N/A
 Iskenderun's Mystic Bla  Conj           #######.     1%          4    N/A
 Animate Dead             Necr           N/A          1%          4    N/A
 Freeze                   Ice            ####         1%          1    N/A
 Sticky Flame             Conj/Fire      #######.     1%          4    N/A
 Summon Ice Beast         Ice/Summ       ####....     11%         4    N/A
 Regeneration             Chrm/Necr      ######....   1%          3    N/A
 Sting                    Conj/Pois      ####         1%          1    N/A
 Tukima's Dance           Hex            ####....     3%          3    N/A
 Summon Demon             Summ           ####......   24%         5    N/A
 Corpse Rot               Necr           N/A          1%          2    N/A
 Spider Form              Tmut/Pois      ####......   3%          3    N/A
 Blade Hands              Tmut           ####......   32%         5    N/A
 Ice Form                 Ice/Tmut       ####....     12%         4    N/A
 Glaciate                 Conj/Ice       ######....   100%        9    N/A
 Confusing Touch          Hex            ####..       1%          1    N/A
 Flame Tongue             Conj/Fire      #####        1%          1    N/A
 Ignite Poison            Fire/Tmut/Pois #####...     3%          3    N/A
 Sticks to Snakes         Tmut           ####....     1%          2    N/A
 Ensorcelled Hibernation  Hex/Ice        ####..       1%          2    N/A
 Metabolic Englaciation   Hex/Ice        ####......   32%         5    N/A
 Static Discharge         Conj/Air       ######..     1%          3    N/A
 Corona                   Hex            ####...      1%          1    N/A
 Lee's Rapid Deconstruct  Erth           ######....   4%          5    N/A
 Sandblast                Erth           ######       1%          1    N/A
 Conjure Ball Lightning   Conj/Air       ######....   6%          6    N/A
 Chain Lightning          Conj/Air       ######....   92%         8    N/A
 Excruciating Wounds      Chrm/Necr      ######....   10%         5    N/A
 Orb of Destruction       Conj           #######...   1%          7    N/A
 Leda's Liquefaction      Hex/Erth       #####.....   4%          4    N/A
 Darkness                 Hex            ####......   85%         6    N/A
 Shroud of Golubria       Chrm/Tloc      ####......   1%          2    N/A
 Beastly Appendage        Tmut           ####..       1%          1    N/A
 Iskenderun's Battlesphe  Conj/Chrm      ######..     1%          5    N/A
 Fulminant Prism          Conj/Hex       ######....   1%          4    N/A
 Dazzling Spray           Conj/Hex       ######       1%          3    N/A
 Force Lance              Conj/Tloc      ######..     1%          4    N/A
 Infusion                 Chrm           ####         1%          1    N/A
 Song of Slaying          Chrm           ####....     1%          2    N/A
 Spectral Weapon          Hex/Chrm       ####....     3%          3    N/A
 Searing Ray              Conj           ######       0%          2    N/A
 Summon Forest            Summ/Tloc      ####......   24%         5    N/A
 Summon Guardian Golem    Hex/Summ       ####....     3%          3    N/A
 Spellforged Servitor     Conj/Summ      ######....   28%         7    N/A
 Yara's Violent Unravell  Hex/Tmut       ####......   32%         5    N/A

Dungeon Overview and Level Annotations

Branches:
Dungeon (15/15)            Temple (1/1) D:6            Lair (0/6) D:9
    Orc (2/2) D:9             Elf (3/3) Orc:2        Vaults (0/5) D:14
 Depths (0/5) D:15

Altars:
Ashenzari
Cheibriados
Dithmenos
Elyvilon
Fedhas
Gozag
Hepliaklqana
Kikubaaqudgha
Makhleb
Nemelex Xobeh
Okawaru
Qazlal
Ru
Sif Muna
Trog
Uskayaw
Vehumet
Wu Jian
Xom
Yredelemnul
Zin
The Shining One
Beogh

Shops:
D:9 ([   D:11 *   D:14 =   D:15 (   Orc:2 =*!=

Portals:
Trove: Elf:2 (give +5 demon trident)


Innate Abilities, Weirdness & Mutations

You do not eat or drink.
Your flesh is vulnerable to fire.
You are immune to poison.
Your flesh is cold resistant. (rC+)
You are immune to negative energy. (rN+++)
You are immune to unholy pain and torment.
You can survive without breathing.
You are in touch with the powers of death.


Message History

The deep elf high priest calls down the wrath of its god upon you.
Something smites you!
Casting: Iron Shot (safe; 2% risk of failure)
Confirm with . or Enter, or press ? or * to list all spells.
Aiming: Iron Shot (safe; 2% risk of failure)
Press: ? - help, Shift-Dir - straight line, f/p - deep elf high priest
Aim: a deep elf high priest, wielding a scimitar of slicing and wearing a leather armour (almost dead, constricted by zombie hands)
You feel a surge of power!
The iron shot hits the deep elf high priest.
You kill the deep elf high priest!
Sif Muna accepts your kill.
You see here Noupt's Volume of Conjuration.
Sif Muna grants you a gift! Sif Muna grants you divine energy.
You briefly lose access to your magic!
You pick up Noupt's Volume of Conjuration and begin reading...
You add the spells Flame Tongue, Iskenderun's Mystic Blast, Bolt of Draining and Bolt of Fire to your library.
You regain access to your magic.
A deep elf blademaster comes into view. It is wielding two rapiers.
The deep elf blademaster shouts!
Okay, then.
Okay, then.
The deep elf blademaster hits you with a rapier.
The deep elf blademaster hits you with a rapier!
Casting: Iron Shot (safe; 2% risk of failure)
Confirm with . or Enter, or press ? or * to list all spells.
Aiming: Borgnjor's Vile Clutch (safe; 3% risk of failure)
Press: ? - help, Dir - move target cursor, f - deep elf blademaster
Aim: a deep elf blademaster, wielding two rapiers and wearing a leather armour You feel a strong surge of power!
Decaying hands burst forth from the earth!
Zombie hands grab the deep elf blademaster.
The zombie hands constrict the deep elf blademaster!
The deep elf blademaster hits you with a rapier!
* * * LOW HITPOINT WARNING * * *
The deep elf blademaster hits you with a rapier.
* * * LOW HITPOINT WARNING * * *
Casting: Borgnjor's Vile Clutch (safe; 3% risk of failure)
Confirm with . or Enter, or press ? or * to list all spells.
Aiming: Iron Shot (safe; 2% risk of failure)
Press: ? - help, Shift-Dir - straight line, f/p - deep elf blademaster
Aim: a deep elf blademaster, wielding two rapiers and wearing a leather armour (lightly wounded, constricted by zombie hands)
You feel a surge of power!
The iron shot hits the deep elf blademaster.
The deep elf blademaster is heavily wounded.
The zombie hands constrict the deep elf blademaster!
The deep elf blademaster hits you but does no damage.
The deep elf blademaster completely misses you.
Casting: Iron Shot (safe; 2% risk of failure)
Confirm with . or Enter, or press ? or * to list all spells.
Aiming: Iron Shot (safe; 2% risk of failure)
Press: ? - help, Shift-Dir - straight line, f/p - deep elf blademaster
Aim: a deep elf blademaster, wielding two rapiers and wearing a leather armour (severely wounded, constricted by zombie hands)
You feel a surge of power!
You miscast Iron Shot.
Sif Muna protects you from the effects of your miscast!
The zombie hands constrict the deep elf blademaster!
The deep elf blademaster hits you with a rapier!
* * * LOW HITPOINT WARNING * * *
The deep elf blademaster hits you with a rapier!
* * * LOW HITPOINT WARNING * * *
The deep elf blademaster hits you with a rapier!
* * * LOW HITPOINT WARNING * * *
The deep elf blademaster hits you with a rapier!
You die...

#...#........#...# **.**,**,,
#...#........#...#**e.,***,,,
#...########'#...##.,,,,*,,,,
#................e.,,⌠,,,,,,,
#...........,....#*,,,,,*,,,,
#...##########)..#**,,,***,,,
#...#........#...# **,**,**,,
#...'........#...# ***,,,*,,
#...#......e@#...# **,,,,,,,
#...#........)...# **,,,,,,,*
#...#'########...#**,,,,*,,,,
#...........(....#*,,,,***,,,
#............)...#**,,,,*,,,,
#................# **,,,,,,,*
################## **,,,,,**
**,,,*** **,**


You could see a deep elf blademaster.

Vanquished Creatures
  2 deep elf blademasters
  A deep elf sorcerer (Elf:3)
  2 orc warlords
  2 deep elf elementalists (Elf:3)
  2 deep elf annihilators (Elf:3)
  2 deep elf demonologists (Elf:3)
  6 deep elf death magi
  An ettin (Orc:1)
  An ogre mage (D:15)
  2 deep elf high priests
  A yaktaur captain (D:15)
  5 vault guards (D:14)
  2 hydras (D:15)
  4 centaur warriors
  Harold (D:11)
  Erica (D:9)
  12 two-headed ogres
  18 dancing weapons
  5 orc high priests
  A tengu warrior (D:14)
  17 deep elf knights
  5 unseen horrors
  7 deep elf archers
  The ghost of Nib the Skirmisher, a novice DrAK of Lugonu (D:6)
  56 deep elf magi
  4 orc knights
  6 orc sorcerers
  A cyclops (D:15)
  A wolf spider (D:14)
  2 manticores
  3 ugly things (D:14)
  Maurice (D:8)
  An elephant (D:9)
  Joseph (D:8)
  A water nymph (shapeshifter) (Orc:2)
  Psyche (D:8)
  4 gargoyles
  A freezing wraith (D:14)
  3 centaur skeletons
  2 yaktaurs
  10 trolls
  A tengu conjurer (D:14)
  2 hornets
  8 slime creatures
  9 hippogriffs
  A vampire (D:15)
  A wyvern (D:15)
  A wraith (D:13)
  2 air elementals
  4 fire elementals (Elf:2)
  A human (D:14)
  3 water elementals
  9 yaks
  A basilisk (D:13)
  A hungry ghost (D:14)
  8 wargs
  3 acid dragons (D:15)
  Edmund (D:4)
  A water moccasin (D:11)
  Duvessa (D:7)
  4 sky beasts
  45 orc warriors
  An ice beast (shapeshifter) (D:14)
  8 ice beasts
  A phantom (D:9)
  17 ogres
  3 boggarts (D:15)
  2 crocodiles (D:9)
  9 centaurs
  3 big kobolds
  17 bullfrogs
  A gnoll sergeant (Orc:1)
  Dowan (D:7)
  A wyvern zombie (D:14)
  2 wyvern skeletons (D:13)
  3 scorpions
  17 killer bees
  14 wights
  5 howler monkeys
  7 crimson imps
  A quasit (D:9)
  2 centaur zombies
  A hound (D:7)
  32 orc priests
  Crazy Yiuf (D:6)
  12 jellies
  A bullfrog skeleton (D:8)
  5 iguanas
  14 orc wizards
  8 worker ants
  2 hound skeletons
  A howler monkey skeleton (D:8)
  A worker ant zombie (D:5)
  12 gnolls
  17 adders
  4 shadow imps
  2 white imps (D:6)
  A worker ant simulacrum (D:6)
  13 oozes
  An adder skeleton (D:5)
  4 worms
  2 dart slugs (D:1)
  An adder simulacrum (D:6)
  4 leopard geckos
  122 orcs
  9 giant cockroaches
  11 goblins
  6 hobgoblins
  21 jackals
  A quokka (D:3)
  2 ball pythons
  8 bats
  13 frilled lizards
  19 kobolds
  3 rats
  A fungus (D:6)
  A plant (Orc:2)
777 creatures vanquished.

Vanquished Creatures (collateral kills)
  2 deep elf elementalists (Elf:3)
  A deep elf annihilator (Elf:3)
  A dancing weapon (Elf:3)
  A dream sheep (shapeshifter) (Elf:3)
  A centaur (D:10)
  A wight (D:6)
7 creatures vanquished.

Vanquished Creatures (others)
  A deep elf archer (Elf:2)
  A killer bee (D:7)
  An orc priest (Orc:2)
  An orc (D:9)
  7 fungi (D:9)
11 creatures vanquished.

Grand Total: 795 creatures vanquished

Notes
Turn   | Place    | Note
-------+----------+-------------------------------------------
     0 | D:1      | Amnesiac the Mummy Wizard began the quest for the Orb.
     0 | D:1      | Reached XP level 1. HP: 13/13 MP: 5/5
    52 | D:1      | Reached skill level 1 in Conjurations
   309 | D:1      | Reached XP level 2. HP: 12/19 MP: 0/7
   313 | D:1      | Learned a level 2 spell: Call Imp
   743 | D:1      | Reached XP level 3. HP: 23/24 MP: 5/8
   890 | D:1      | Learned a level 3 spell: Conjure Flame
   894 | D:1      | Learned a level 3 spell: Mephitic Cloud
  1189 | D:4      | Noticed Edmund
  1309 | D:4      | Found an opulent altar of Gozag.
  1309 | D:4      | Found a glowing silver altar of Zin.
  1391 | D:4      | Killed Edmund
  1391 | D:4      | Reached XP level 4. HP: 18/30 MP: 1/10
  1391 | D:4      | Reached XP level 5. HP: 21/35 MP: 1/11
  1760 | D:4      | Got a pitted leather armour
  1771 | D:4      | Identified the +3 leather armour of Yniol {Int+4} (You found it on level 4 of the Dungeon)
  1811 | D:4      | Reached skill level 1 in Fighting
  1826 | D:4      | Reached XP level 6. HP: 42/44 MP: 12/12
  1861 | D:4      | Learned a level 2 spell: Blink
  2418 | D:5      | Entered Level 5 of the Dungeon
  2638 | D:5      | Reached XP level 7. HP: 52/52 MP: 13/13
  2668 | D:5      | Found an iron altar of Okawaru.
  3263 | D:5      | Reached skill level 5 in Fighting
  3281 | D:5      | Reached XP level 8. HP: 50/62 MP: 12/14
  3402 | D:6      | Reached skill level 5 in Dodging
  3422 | D:6      | Noticed a dagger
  3423 | D:6      | Found a hide-covered altar of Uskayaw.
  3423 | D:6      | Noticed a hand axe
  3451 | D:6      | Found a staircase to the Ecumenical Temple.
  3460 | Temple   | Entered the Ecumenical Temple
  3518 | Temple   | Became a worshipper of Sif Muna the Loreminder
  3656 | D:6      | Noticed Nib's ghost (novice DrAK)
  3691 | D:6      | Found a runed gate.
  3691 | D:6      | Found a runed gate.
  3691 | D:6      | Found a runed gate.
  3792 | D:6      | Found a glowing golden altar of the Shining One.
  3948 | D:6      | Found a white marble altar of Elyvilon.
  3973 | D:6      | Found a runed door.
  4013 | D:6      | Noticed Crazy Yiuf
  4020 | D:6      | Killed Crazy Yiuf
  4994 | D:3      | Reached skill level 5 in Conjurations
  5049 | D:3      | Reached * piety under Sif Muna
  5238 | D:3      | Reached skill level 5 in Spellcasting
  5686 | D:6      | Noticed a two-headed ogre
  5705 | D:5      | Killed a two-headed ogre
  5705 | D:5      | Reached ** piety under Sif Muna
  5705 | D:5      | Reached XP level 9. HP: 61/69 MP: 0/18
  6114 | D:6      | Killed Nib's ghost
  6336 | D:7      | Reached *** piety under Sif Muna
  6815 | D:7      | Noticed Duvessa
  6815 | D:7      | Noticed Dowan
  6828 | D:7      | Killed Duvessa
  6828 | D:7      | Reached skill level 1 in Shields
  6828 | D:7      | Reached XP level 10. HP: 76/76 MP: 16/22
  6859 | D:7      | Killed Dowan
  6895 | D:7      | Found a stormy altar of Qazlal.
  7443 | D:8      | Identified a scroll of acquirement {!r}
  7500 | D:8      | Noticed Joseph
  7528 | D:8      | Killed Joseph
  7562 | D:8      | Noticed Psyche
  7586 | D:8      | Killed Psyche
  7586 | D:8      | Reached **** piety under Sif Muna
  7691 | D:8      | Noticed Maurice
  7741 | D:8      | Killed Maurice
  8160 | D:9      | Found a shadowy altar of Dithmenos.
  8308 | D:9      | Noticed an elephant
  8309 | D:9      | Found a staircase to the Lair.
  8359 | D:9      | Reached XP level 11. HP: 58/81 MP: 16/24
  8374 | D:9      | Reached ***** piety under Sif Muna
  8374 | D:9      | Reached skill level 10 in Conjurations
  8376 | D:9      | Identified Gynuudu's Papyrus of Malediction (Sif Muna gifted it to you on level 9 of the Dungeon)
  8376 | D:9      | Received a gift from Sif Muna
  8409 | D:9      | Reached skill level 10 in Spellcasting
  9254 | D:9      | Noticed a two-headed ogre
  9278 | D:8      | Killed a two-headed ogre
  9296 | D:9      | Noticed Erica
  9307 | D:9      | Killed Erica
  9372 | D:9      | Found Utigedgh's Weapon Boutique.
  9373 | D:9      | Found a staircase to the Orcish Mines.
  9374 | D:9      | Found Weip's Armour Boutique.
  9540 | D:9      | Found a burning altar of Makhleb.
  9540 | D:9      | Found an ancient bone altar of Kikubaaqudgha.
  9562 | D:9      | Found a basalt altar of Yredelemnul.
  9565 | D:9      | Found a blossoming altar of Fedhas.
  9785 | D:10     | Entered Level 10 of the Dungeon
 10601 | D:10     | Killed an unseen horror
 10960 | D:9      | Killed an unseen horror
 11172 | D:11     | Found Ecunyl Piom's Changing Room.
 11234 | D:11     | Noticed a two-headed ogre
 11246 | D:11     | Killed a two-headed ogre
 11246 | D:11     | Reached skill level 1 in Invocations
 11386 | Orc:1    | Entered Level 1 of the Orcish Mines
 11389 | Orc:1    | Noticed an orc knight
 11615 | D:9      | Killed an orc knight
 11877 | Orc:1    | Noticed an ettin
 11954 | Orc:1    | Killed an ettin
 12122 | Orc:1    | Noticed an orc warlord
 12125 | Orc:1    | Noticed an orc sorcerer
 12143 | Orc:1    | Killed an orc warlord
 12143 | Orc:1    | Identified Iquigag's Papyrus of Attacks (Sif Muna gifted it to you on level 1 of the Orcish Mines)
 12143 | Orc:1    | Received a gift from Sif Muna
 12143 | Orc:1    | Reached XP level 12. HP: 47/88 MP: 23/27
 12151 | Orc:2    | Entered Level 2 of the Orcish Mines
 12154 | Orc:2    | Noticed a two-headed ogre
 12162 | Orc:2    | Noticed a two-headed ogre
 12641 | Orc:1    | You fall through a shaft!
 13004 | Orc:2    | Killed a two-headed ogre
 13004 | Orc:2    | Reached skill level 5 in Invocations
 13208 | Orc:2    | Killed a two-headed ogre
 14230 | Orc:2    | Found a roughly hewn altar of Beogh.
 15081 | Orc:2    | Identified the Collected Works on Freezing Execration
 15120 | Orc:2    | Learned a level 4 spell: Throw Icicle
 15343 | Orc:2    | Found a staircase to the Elven Halls.
 15624 | Orc:2    | Noticed an orc warlord
 15647 | Orc:2    | Killed an orc warlord
 16108 | Orc:2    | Found Zoqeumim's Jewellery Boutique.
 16160 | Orc:1    | Identified Sif Muna's Handbook of Creative Poison (Sif Muna gifted it to you on level 1 of the Orcish Mines)
 16160 | Orc:1    | Received a gift from Sif Muna
 16399 | Orc:2    | Gained mutation: You are in touch with the powers of death. [Mummy growth]
 16399 | Orc:2    | Reached XP level 13. HP: 93/93 MP: 0/28
 16836 | Orc:2    | Found a roughly hewn altar of Beogh.
 16952 | Orc:2    | Found Laxuboh's Jewellery Shop.
 17338 | Orc:2    | Found Soxaek's General Store.
 17790 | Orc:2    | Found Izaruwidgh's Distillery.
 17859 | Orc:2    | Learned a level 5 spell: Irradiate
 17864 | Orc:2    | Learned a level 3 spell: Ozocubu's Armour
 17934 | Elf:1    | Entered Level 1 of the Elven Halls
 19114 | D:11     | Noticed Harold
 19120 | D:11     | Killed Harold
 19283 | D:12     | Identified a paperback manual
 19338 | D:12     | Found a deep blue altar of Sif Muna.
 20789 | D:13     | Identified Sif Muna's Almanac of Flight and Stones (Sif Muna gifted it to you on level 13 of the Dungeon)
 20789 | D:13     | Received a gift from Sif Muna
 22328 | D:14     | Learned a level 5 spell: Borgnjor's Vile Clutch
 22343 | D:14     | Got a coiled lead ring
 22520 | D:14     | Reached skill level 1 in Necromancy
 22935 | D:14     | Reached XP level 14. HP: 92/100 MP: 12/32
 23425 | D:14     | Identified Sif Muna's Tome of Unholy Secrets and Conjuration (Sif Muna gifted it to you on level 14 of the Dungeon)
 23425 | D:14     | Received a gift from Sif Muna
 23425 | D:14     | Reached skill level 5 in Necromancy
 23476 | D:14     | Found a gate to the Vaults.
 23637 | D:14     | Found Ipi Uhoh's Jewellery Emporium.
 23646 | D:14     | Identified the ring "Taupoes" {rN+ Slay+2 SInv} (You found it on level 14 of the Dungeon)
 24037 | D:15     | Entered Level 15 of the Dungeon
 24368 | D:15     | Learned a level 6 spell: Iron Shot
 24428 | D:15     | Reached skill level 1 in Earth Magic
 25652 | D:15     | Found Edwer's Weapon Emporium.
 25849 | D:15     | Reached skill level 5 in Earth Magic
 25909 | D:15     | Found a staircase to the Depths.
 26481 | Orc:2    | HP: 5/100 [burnt (4)]
 27282 | Orc:2    | Found a staircase to the Elven Halls.
 27413 | Orc:2    | Found a roughly hewn altar of Beogh.
 27430 | Orc:2    | Found Laxuboh's Jewellery Shop.
 27493 | Orc:2    | Found Soxaek's General Store.
 27593 | Orc:2    | Found a roughly hewn altar of Beogh.
 27594 | Orc:2    | Found Zoqeumim's Jewellery Boutique.
 27643 | Orc:2    | Found Izaruwidgh's Distillery.
 28276 | Elf:1    | Identified Sif Muna's Tome of Conjuration (Sif Muna gifted it to you on level 1 of the Elven Halls)
 28276 | Elf:1    | Received a gift from Sif Muna
 28999 | Elf:1    | Reached XP level 15. HP: 89/105 MP: 14/33
 29449 | Elf:1    | Reached ****** piety under Sif Muna
 30650 | Elf:2    | Identified Sif Muna's Volume of Confrontation (Sif Muna gifted it to you on level 2 of the Elven Halls)
 30650 | Elf:2    | Received a gift from Sif Muna
 30655 | Elf:2    | Reached skill level 15 in Conjurations
 30799 | Elf:2    | Reached skill level 15 in Spellcasting
 30832 | Elf:2    | Found an ancient bone altar of Kikubaaqudgha.
 31671 | Elf:2    | Found a portal to a secret trove of treasure.
 31876 | Elf:2    | Found a runed gate.
 31876 | Elf:2    | Found a runed gate.
 31877 | Elf:2    | Found a runed gate.
 31978 | Elf:3    | Entered Level 3 of the Elven Halls
 32113 | Elf:3    | Found a flickering gateway to a bazaar.
 32119 | Bazaar   | Entered a bazaar
 32134 | Bazaar   | Found Taoggoco's Gadget Shop.
 32165 | Bazaar   | Found Cezuuciq's Gadget Shop.
 32191 | Bazaar   | Found Louteaf's Distillery.
 32217 | Bazaar   | Found Alodwuez's Distillery.
 32288 | Elf:3    | Identified Sif Muna's Catalogue of Dark Weightlessness (Sif Muna gifted it to you on level 3 of the Elven Halls)
 32288 | Elf:3    | Received a gift from Sif Muna
 32463 | Elf:2    | Noticed a Hell Sentinel
 32913 | Elf:2    | Noticed a deep elf blademaster
 32921 | Elf:2    | Killed a deep elf blademaster
 33006 | Elf:2    | Reached XP level 16. HP: 54/111 MP: 1/35
 34889 | Elf:3    | Noticed a deep elf blademaster
 34897 | Elf:3    | Killed a deep elf blademaster
 35324 | Elf:3    | Identified Noupt's Volume of Conjuration (Sif Muna gifted it to you on level 3 of the Elven Halls)
 35324 | Elf:3    | Received a gift from Sif Muna
 35326 | Elf:3    | Noticed a deep elf blademaster
 35333 | Elf:3    | Mangled by a deep elf blademaster

Vault maps used:
D:1:      dpeg_arrival_chase, minmay_bisected
D:2:      minmay_item_behind_shaft
D:4:      grunt_temple_overflow_gold_and_silver, gup_sewer_entry_pipe,
          first_ration, minmay_misc_feat_room, minmay_misc_feat_alley,
          uniq_edmund
D:5:      minmay_parallelograms, okawaru_gym_becter
D:6:      dancing_weapons_uskayaw, kennysheep_little_box, kennysheep_mini,
          minmay_temple_entry_mist, gammafunk_ghost_icy, uniq_crazy_yiuf_cottage
D:7:      nicolae_qazlal_eye_of_the_storm, uniq_duvessa
D:8:      uniq_psyche, uniq_joseph, uniq_maurice
D:9:      lemuel_slime, overflow_temple_1_default, lemuel_doored_altar,
          gammafunk_temple_overflow_elements, david_lair_generic, orc_david_3,
          basic_altar, uniq_erica
D:10:     blue_anna_alchemist, kennysheep_small_circle
D:11:     nicolae_transmutations_shop, uniq_harold
D:12:     basic_altar
D:13:     kennysheep_generic_room_9
D:14:     grunt_vaults_entry_fortified, serial_shops, shop,
          minmay_misc_feat_four_crosses, grunt_ministairs_2
D:15:     grunt_enter_depths_snipers, serial_shops, shop,
          wad_floor_pattern_untrapped
Temple:   nicolae_temple_hex_pool
Orc:2:    pubby_orc_utopia
Elf:1:    eino_elf_arrival_shootout, minmay_elf_crystal_heptagon
Elf:2:    basic_altar, nicolae_trove_entry_crystal
Elf:3:    grunt_elf_hall_diamonds, serial_shops, bzr_entry_dummy
Bazaar:   dpeg_bazaar_wands

Skill      XL: |  1  2  3  4  5  6  7  8  9 10 11 12 13 14 15 16 |
---------------+-------------------------------------------------+-----
Conjurations   | 1 2 4 6 8 9 11 13 14 15 16 | 16.3
Fighting       | 2 3 5 6 |  6.0
Dodging        | 2 3 4 5 6 8 9 |  9.2
Spellcasting   | 6 8 9 11 14 15 16 | 16.3
Shields        | 1 3 4 |  4.0
Invocations    | 4 7 8 |  8.0
Necromancy     | 2 6 |  6.0
Earth Magic    | 5 |  5.0
Stealth        | |  1.5
Summonings     | |  0.7
Translocations | |  0.7

Action                   |  1- 3 |  4- 6 |  7- 9 | 10-12 | 13-15 | 16-18 || total
-------------------------+-------+-------+-------+-------+-------+-------++-------
Melee: Unarmed           |     8 |       |       |       |       |       ||     8
       Dagger            |    57 |       |       |   560 |       |       ||   617
       Flail             |       |   125 |   389 |       |       |       ||   514
       Hand axe          |       |       |    18 |   253 |       |       ||   271
       Great sword       |       |       |       |     3 |       |       ||     3
       Scimitar          |       |       |       |    13 |       |       ||    13
       Staff             |       |       |       |       |    55 |       ||    55
 Cast: Magic Dart        |    65 |       |    16 |   148 |     4 |       ||   233
       Conjure Flame     |     4 |       |    12 |    67 |    12 |       ||    95
       Call Imp          |     1 |       |     5 |     3 |       |       ||     9
       Mephitic Cloud    |       |     1 |    16 |    96 |       |       ||   113
       Blink             |       |     1 |     5 |    15 |    13 |       ||    34
       Throw Icicle      |       |       |       |    67 |   385 |       ||   452
       Iron Shot         |       |       |       |       |   153 |    52 ||   205
       Borgnjor's Vile C |       |       |       |       |    77 |    19 ||    96
       Irradiate         |       |       |       |       |     2 |       ||     2
       Ozocubu's Armour  |       |       |       |       |     1 |       ||     1
Invok: Divine Energy     |       |       |     1 |       |       |       ||     1
       Channel Magic     |       |       |       |       |     1 |     1 ||     2
Evoke: Wand              |       |       |     1 |    33 |       |       ||    34
  Use: Scroll            |       |       |     2 |    14 |    10 |     1 ||    27
 Stab: Sleeping          |     1 |       |     4 |       |       |       ||     5
       Confused          |       |     1 |     4 |    28 |       |       ||    33
       Paralysed         |       |       |       |     8 |       |       ||     8
Armor: Robe              |    27 |     1 |       |    98 |    86 |     2 ||   214
       Leather armour    |       |    33 |   143 |   118 |       |       ||   294
Dodge: Dodged            |    72 |   163 |   444 |   763 |   177 |    12 ||  1631
       Deflected         |       |       |       |       |    20 |     2 ||    22
Block: Buckler           |       |       |       |   181 |    64 |     1 ||   246
       Rpst.: Great sword |       |       |       |     1 |       |       ||     1
       Scimitar          |       |       |       |     6 |       |       ||     6

Table legend:
 A = Spawn XP
 B = Non-spawn XP
 C = Spawn XP percentage of total XP
 D = Spawn monster count
 E = Non-spawn monster count
 F = Spawn count percentage of total count
 G = Total turns spent on level
                    A         B        C        D         E        F      G
               +---------+---------+-------+---------+---------+-------+---------
         Total |       0 |  184597 |   0.0 |       0 |     784 |   0.0 | 35333
               +---------+---------+-------+---------+---------+-------+---------
           D:1 |       0 |      45 |   0.0 |       0 |      26 |   0.0 |  1019
           D:2 |       0 |      54 |   0.0 |       0 |      17 |   0.0 |   914
           D:3 |       0 |     186 |   0.0 |       0 |      40 |   0.0 |   980
           D:4 |       0 |     460 |   0.0 |       0 |      19 |   0.0 |  1502
           D:5 |       0 |    1851 |   0.0 |       0 |      28 |   0.0 |   976
           D:6 |       0 |    1748 |   0.0 |       0 |      29 |   0.0 |  1824
           D:7 |       0 |    1723 |   0.0 |       0 |      27 |   0.0 |   800
           D:8 |       0 |    2756 |   0.0 |       0 |      10 |   0.0 |   643
           D:9 |       0 |    7476 |   0.0 |       0 |      73 |   0.0 |  1838
          D:10 |       0 |    2723 |   0.0 |       0 |      27 |   0.0 |  1186
          D:11 |       0 |    3965 |   0.0 |       0 |      25 |   0.0 |   942
          D:12 |       0 |    1994 |   0.0 |       0 |      34 |   0.0 |  1111
          D:13 |       0 |    2338 |   0.0 |       0 |      13 |   0.0 |   909
          D:14 |       0 |   18622 |   0.0 |       0 |      52 |   0.0 |  2907
          D:15 |       0 |   16488 |   0.0 |       0 |      43 |   0.0 |  2099
        Temple |       0 |     120 |   0.0 |       0 |       2 |   0.0 |   142
         Orc:1 |       0 |    6377 |   0.0 |       0 |      34 |   0.0 |  1581
         Orc:2 |       0 |   19937 |   0.0 |       0 |     149 |   0.0 |  7307
         Elf:1 |       0 |   31109 |   0.0 |       0 |      53 |   0.0 |  2641
         Elf:2 |       0 |   41140 |   0.0 |       0 |      59 |   0.0 |  2735
         Elf:3 |       0 |   23485 |   0.0 |       0 |      24 |   0.0 |  1111
               +---------+---------+-------+---------+---------+-------+---------
